 Dungeon Crawl Stone Soup version 0.25.0-26-g0c896c7088 (webtiles) character file.

Game seed: 4424889682462876363

50 Dirian the Shield-Bearer (level 3, -8/33 HPs)
             Began as a Minotaur Fighter on July 4, 2020.
             Mangled by an ogre
             ... wielding a +0 giant spiked club
              (27 damage)
             ... on level 2 of the Dungeon.
             The game lasted 00:01:04 (930 turns).

Dirian the Shield-Bearer (Minotaur Fighter)          Turns: 930, Time: 00:01:05

Health: -8/33      AC:  7    Str: 21    XL:     3   Next: 55%
Magic:  2/2        EV:  7    Int:  5    God:
Gold:   111        SH:  9    Dex:  9    Spells: 2/2 levels left

rFire    . . .     SeeInvis .   a - +0 war axe
rCold    . . .     Gourm    .   c - +0 kite shield
rNeg     . . .     Faith    .   b - +0 scale mail
rPois    .         Spirit   .   (helmet restricted)
rElec    .         Reflect  .   (no cloak)
rCorr    .         Harm     .   (no gloves)
MR       .....                  (no boots)
Stlth    ..........             (no amulet)
HPRegen  0.11/turn              (no ring)
MPRegen  0.08/turn              (no ring)

@: no status effects
A: retaliatory headbutt, horns 2
a: no special abilities


You were on level 2 of the Dungeon.
You were not hungry.

You visited 1 branch of the dungeon, and saw 2 of its levels.

You collected 111 gold pieces.

Inventory:

Hand Weapons
 a - a +0 war axe (weapon)
Armour
 b - a +0 scale mail (worn)
 c - a +0 kite shield (worn)
Scrolls
 g - 3 scrolls of remove curse {unknown}
 h - a scroll of amnesia {unknown}
 i - a scroll of magic mapping {unknown}
 m - a scroll of immolation {unknown}
 o - a scroll of identify {unknown}
 p - 2 scrolls of enchant armour {unknown}
 q - a scroll of enchant weapon {unknown}
Potions
 d - a potion of might
 j - a potion of heal wounds {unknown}
 k - 2 potions of flight {unknown}
 l - a potion of brilliance {unknown}
 n - 2 potions of haste {unknown}
Comestibles
 e - 5 rations
 f - 10 chunks of flesh


   Skills:
 + Level 4.1 Fighting
 * Level 3.4 Axes
 + Level 4.0 Armour
 + Level 4.2 Shields


You had 2 spell levels left.
You didn't know any spells.
Your spell library was empty.

Dungeon Overview and Level Annotations

Branches:
Dungeon (2/15)

Altars:
Fedhas


Innate Abilities, Weirdness & Mutations

You reflexively headbutt those who attack you in melee.
You have a pair of horns on your head.


Message History

You completely miss the ogre.
The ogre hits you with a +0 giant spiked club!
You are too injured to fight recklessly!
You are too injured to fight recklessly!
You are too injured to fight recklessly!
You are too injured to fight recklessly!
You are too injured to fight recklessly!
You are too injured to fight recklessly!
You are too injured to fight recklessly!
You are too injured to fight recklessly!
You are too injured to fight recklessly!
You are too injured to fight recklessly!
You are too injured to fight recklessly!
You are too injured to fight recklessly!
You are too injured to fight recklessly!
You slash the ogre!
The ogre is moderately wounded.
The ogre hits you with a +0 giant spiked club!!
Ouch! That really hurt!
You die...

#.. #.#
###.####.#
#........#
#.#####.#####
#.#...##
#......#
#.#....#
#.##.#.#
..##@# #
#####O# #.#
..# .## #. ..
#. ## #. ###.


You could see an ogre.

Vanquished Creatures
  An adder (D:2)
  A dart slug (D:1)
  2 worms (D:2)
  A leopard gecko (D:1)
  3 bats
  3 giant cockroaches (D:1)
  5 goblins
  3 hobgoblins
  6 kobolds
  A quokka (D:2)
  2 frilled lizards
  4 rats
32 creatures vanquished.

Notes
Turn   | Place    | Note
-------+----------+-------------------------------------------
     0 | D:1      | Dirian the Minotaur Fighter began the quest for the Orb.
     0 | D:1      | Reached XP level 1. HP: 19/19 MP: 0/0
   169 | D:1      | Reached XP level 2. HP: 27/27 MP: 1/1
   744 | D:2      | Found a blossoming altar of Fedhas.
   754 | D:2      | Reached XP level 3. HP: 30/33 MP: 2/2
   923 | D:2      | Noticed an ogre
   930 | D:2      | Mangled by an ogre

Illustrated notes

Levels and vault maps discovered:
D:1:      roderic_crop_circles_arrival_small, layout_loops_ring
D:2:      layout_loops_ring, fedhas_altar_1, first_ration,
          hangedman_abyss_or_decor_stabs

Skill      XL: |  1  2 |
---------------+-------+-----
Fighting       | 4 |  4.1
Shields        | 4 |  4.2
Armour         | 4 |  4.0
Axes           | 3 |  3.4

Action                   || total
-------------------------++-------
Melee: War axe           ||    57
       Headbutt          ||     8
Armor: Scale mail        ||    18
Dodge: Dodged            ||    15
Block: Kite shield       ||    21
